 Dungeon Crawl Stone Soup version 0.31-a0-1370-gf52a5a9ab3 (webtiles) character file.

Game seed: 15472872506105096684

942 BigPumpCobain the Ruffian (level 7, -1/52 HPs)
             Began as a Yellow Draconian Shapeshifter on Dec 23, 2023.
             Was an Initiate of Gozag.
             Incinerated by a bombardier beetle (4 damage)
             ... with a burning spray
             ... on level 6 of the Dungeon.
             The game lasted 00:07:24 (4775 turns).

BigPumpCobain the Ruffian (DrSh)                    Turns: 4775, Time: 00:07:25

Health: -1/52      AC:  6    Str: 18    XL:     7   Next: 88%
Magic:  7/7        EV: 12    Int: 11    God:    Gozag
Gold:   312        SH:  0    Dex: 10    Spells: 6/6 levels left

rFire   . .          .
                       - Unarmed
rCold   . . .        (no shield)
rNeg    . . .        (body armour unavailable)
rPois   .            (helmet currently unavailable)
rElec   .            (cloak currently unavailable)
rCorr   +            (gloves currently unavailable)
SInv    .            (boots currently unavailable)
Will    .....        (no amulet)
Stlth   +            (no ring)
HPRegen 0.28/turn    (no ring)
MPRegen 0.10/turn

%: no passive effects
@: mighty, on fire, beast-form, gold aura, glowing
A: beast (slay +3), spit acid, AC +6, unfitting armour, cold-blooded, acid
resistance
a: Breathe Acid, Begin Untransformation, Renounce Religion, Potion Petition,
Call Merchant, Bribe Branch


You were on level 6 of the Dungeon.
You worshipped Gozag.
Gozag was aware of your devotion.
You were a hulking beast.
You visited 2 branches of the dungeon, and saw 7 of its levels.

You collected 372 gold pieces.
You paid 60 gold pieces to Gozag.

Inventory:

Armour
 t - a +1 cloak
Talismans
 b - a beast talisman
 c - a flux talisman
Wands
 o - a wand of light (6)
 v - a wand of mindburst (11)
Scrolls
 e - 3 scrolls of fog
 h - 4 scrolls of revelation
 i - a scroll of immolation {unknown}
 j - a scroll of enchant weapon
 l - 2 scrolls of amnesia
 n - a scroll of teleportation
 p - a scroll of vulnerability {unknown}
 r - a scroll of brand weapon {unknown}
 s - a scroll of identify
Potions
 a - 2 potions of lignification
 g - 3 potions of degeneration
 m - a potion of haste {unknown}
 q - a potion of attraction {unknown}
 u - 2 potions of brilliance {unknown}


   Skills:
 - Level 1.1 Fighting
 - Level 1.7 Dodging
 + Level 7.1 Unarmed Combat
 + Level 6.6 Shapeshifting


You had 6 spell levels left.
You didn't know any spells.
Your spell library contained the following spells:

 Spells                   Type           Power      Damage    Failure   Level
 Sandblast                Erth           0%         2d4       34%         1
 Sting                    Conj/Alch      0%         1d3       34%         1
 Mercury Vapours          Alch/Air       0%         N/A       47%         2
 Passwall                 Alch/Erth      0%         N/A       47%         2
 Hailstorm                Conj/Ice       0%         3d5       71%         3
 Stone Arrow              Conj/Erth      0%         3d7       71%         3
 Brom's Barrelling Bould  Conj/Erth      0%         2d3       98%         4
 Olgreb's Toxic Radiance  Alch           0%         N/A       98%         4
 Summon Ice Beast         Ice/Summ       0%         N/A       98%         4
 Simulacrum               Ice/Necr       Unusable   N/A       N/A         6

Dungeon Overview and Level Annotations

Branches:
Dungeon (6/15)             Temple (1/1) D:4

Altars:
Cheibriados
Dithmenos
Elyvilon
Fedhas
Gozag
Kikubaaqudgha
Nemelex Xobeh
Qazlal
Sif Muna
Trog
Wu Jian
Xom
Yredelemnul
The Shining One

Shops:
D:4 **


Innate Abilities, Weirdness & Mutations

You are a hulking beast.
Your limbs bulge with bestial killing power. (Slay +3)
You can spit globs of acid.
Your golden yellow scales are hard. (AC +6)
You cannot fit into any form of body armour.
You are cold-blooded and may be slowed by cold attacks.
You are resistant to acid. (rCorr)


Message History

The gnoll struggles to resist.
The liquid fire burns you! The gnoll completely misses you.
Aiming: Mindburst
Press: ? - help, Shift-Dir - straight line, f/p - gnoll
Aim: a gnoll, wielding a +0 spear (chance to affect: 72%)
The gnoll's mind is blasted!
You blow up the gnoll!
The liquid fire burns you!
* * * LOW HITPOINT WARNING * * *
You are on fire!
You are on fire!
You cannot move.
The liquid fire burns you!
* * * LOW HITPOINT WARNING * * *
The liquid fire burns you!
* * * LOW HITPOINT WARNING * * *
You feel better. The liquid fire burns you!
* * * LOW HITPOINT WARNING * * *
You feel better. The liquid fire burns you! The liquid fire burns you!
* * * LOW HITPOINT WARNING * * *
The liquid fire burns you!
* * * LOW HITPOINT WARNING * * *
The liquid fire burns you!
* * * LOW HITPOINT WARNING * * *
You feel less wooden.
You turn into a hulking beast.
You shake off some of the fire as you move.
The liquid fire burns you!
* * * LOW HITPOINT WARNING * * *
Things that are here:
5 gold pieces; a +0 flail It was a potion of might.
You feel very mighty all of a sudden. The liquid fire burns you!
You die...
Your body crumbles into a pile of gold.

.. #######
#######.####.......
#..................
#..................
#.................. ..
#.................. .#
###...........$...... .#
..............$...... .#
#........$.h$)...$. .#
#..................
.#####..................
........................
......................?.
.#####................$.
.# #..................
.# #..................
.# #.............


There were no monsters in sight!

Vanquished Creatures
  A black bear (D:6)
  An ice beast (D:5)
  A phantom (D:4)
  A bullfrog (D:6)
  3 scorpions
  3 vampire bats (D:3)
  2 hounds (D:5)
  3 iguanas
  8 gnolls
  4 adders
  2 bombardier beetles
  A dart slug (D:3)
  An orc (D:4)
  4 bat skeletons (D:3)
  2 bat zombies (D:3)
  6 endoplasms
  A giant cockroach (D:1)
  8 goblins
  6 hobgoblins
  3 jackals (D:2)
  4 quokkas
  9 ball pythons
  5 bats
  A frilled lizard (D:1)
  5 kobolds
  3 rats
88 creatures vanquished.

Notes
Turn   | Place    | Note
-------+----------+-------------------------------------------
     0 | D:1      | BigPumpCobain the Draconian Shapeshifter began the quest
                  | for the Orb.
     0 | D:1      | Reached XP level 1. HP: 16/16 MP: 1/1
   410 | D:1      | Reached XP level 2. HP: 23/23 MP: 2/2
   908 | D:1      | Found a faded altar of an unknown god.
  1242 | D:2      | Reached XP level 3. HP: 18/28 MP: 3/3
  2139 | D:3      | Reached skill level 4 in Unarmed Combat
  2142 | D:3      | Reached XP level 4. HP: 33/35 MP: 4/4
  2178 | D:3      | Noticed a scorpion
  2192 | D:3      | Killed a scorpion
  2193 | D:3      | Reached XP level 5. HP: 30/40 MP: 5/5
  2331 | D:3      | Found an ancient bone altar of Kikubaaqudgha.
  2343 | D:3      | Reached skill level 5 in Unarmed Combat
  2346 | D:3      | Reached XP level 6. HP: 45/47 MP: 6/6
  2559 | D:4      | Reached skill level 5 in Shapeshifting
  3214 | D:4      | Found a staircase to the Ecumenical Temple.
  3223 | Temple   | Entered the Ecumenical Temple
  3230 | Temple   | Became a worshipper of Gozag Ym Sagoz the Greedy
  3336 | D:4      | Found Vufo Med's General Store.
  3340 | D:4      | Found Fimis's Specific Store.
  3390 | D:5      | Entered Level 5 of the Dungeon
  3407 | D:5      | Found a snail-covered altar of Cheibriados.
  3726 | D:5      | Reached skill level 6 in Unarmed Combat
  3726 | D:5      | Your scales start taking on a golden yellow colour.
  3726 | D:5      | Reached XP level 7. HP: 40/52 MP: 7/7
  3726 | D:5      | Gained mutation: You are resistant to acid. (rCorr) [Yellow
                  | Draconian growth]
  4764 | D:6      | Reached skill level 7 in Unarmed Combat
  4774 | D:6      | HP: 2/52 [burnt (5)]
  4775 | D:6      | Incinerated by a bombardier beetle

Illustrated notes

Levels and vault maps discovered:
D:1:      beargit_arrival_diablo_church, layout_basic,
          shapermc_ecumenical_altar_notcrosses, chequers_arboretum, hex_large
D:2:      layout_loops_ring
D:3:      layout_basic, kennysheep_vampire_church,
          minmay_randomly_rotated_circles
D:4:      layout_loops_ring, minmay_temple_entry_antechambers, chequers_jeans,
          nicolae_specific_store
D:5:      layout_loops_corners, cheibriados_altar_1, dreamdust_gnoll_farm
D:6:      layout_basic, minmay_circle_x, uniq_jeremiah
Temple:   nicolae_temple_no_exploring_needed

Skill      XL: |  1  2  3  4  5  6  7 |
---------------+----------------------+-----
Unarmed Combat | 4 5 6 7 |  7.1
Shapeshifting  | 4 5 6 |  6.6
Fighting       | |  1.1
Dodging        | |  1.7

Action                     |  1- 3 |  4- 6 |  7- 9 || total
---------------------------+-------+-------+-------++-------
  Melee: Unarmed           |    93 |   116 |    34 ||   243
         Tailslap          |     4 |    14 |     6 ||    24
         Punch             |     1 |     2 |     3 ||     6
  Evoke: Wand              |       |       |     3 ||     3
    Use: Scroll            |     4 |     4 |       ||     8
         Potion            |     1 |       |     5 ||     6
   Stab: Sleeping          |     1 |     2 |       ||     3
 Armour: Skin              |    48 |    66 |    66 ||   180
  Dodge: Dodged            |    52 |    79 |    21 ||   152

Table legend: (Time is in decaauts)
 A = Elapsed time spent in this place.
 B = Non-inter-level travel time spent in this place.
 C = Inter-level travel time spent in this place.
 D = Time resting spent in this place.
 E = Time spent auto-exploring this place.
 F = Levels seen in this place.
 G = Mean time per level.
                   A        B        C        D        E       F      G
               +--------+--------+--------+--------+--------+-----+--------+
         Total |   4754 |   4584 |    170 |    106 |   3932 |   7 |  679.1 |
       Dungeon |   4739 |   4576 |    163 |    106 |   3932 |   6 |  789.8 |
        Temple |     14 |      7 |      7 |      0 |      0 |   1 |   14.0 |
               +--------+--------+--------+--------+--------+-----+--------+

Top non-repeatable levels by time:
     D:5: 1128 daAuts
     D:1: 965 daAuts
     D:3: 959 daAuts
     D:4: 824 daAuts
     D:2: 613 daAuts
     D:6: 248 daAuts
  Temple: 14 daAuts
